 Dungeon Crawl Stone Soup version 0.27-a0-1434-g6f15984924 (webtiles) character file.

Game seed: 17441798534565725799

210 Brandom the Insei (level 5, -2/36 HPs)
             Began as an Octopode Transmuter on July 2, 2021.
             Was a Follower of Sif Muna.
             Killed from afar by Sigmund (8 damage)
             ... with a magic dart
             ... on level 3 of the Dungeon.
             The game lasted 00:07:55 (4748 turns).

Brandom the Insei (Octopode Transmuter)             Turns: 4748, Time: 00:07:56

Health: -2/36      AC:  2    Str: 10    XL:     5   Next: 87%
Magic:  4/9        EV: 20    Int: 16    God:    Sif Muna [*.....]
Gold:   128        SH:  0    Dex: 17    Spells: 5/9 levels left

rFire    . . .     SeeInvis .     - Unarmed
rCold    . . .     Faith    .   (shield currently unavailable)
rNeg     . . .     Spirit   .   (helmet currently unavailable)
rPois    x         Reflect  .   (no amulet)
rElec    .         Harm     .   (no ring)
rCorr    .         Rampage  .   (no ring)
Will     .....                  (no ring)
Stlth    ++........             (no ring)
HPRegen  0.12/turn              (no ring)
MPRegen  0.11/turn              (no ring)
                                (no ring)
                                (no ring)

@: spider-form
A: venomous fangs, almost no armour, (amphibious), 8 rings, tiny, (camouflage
1), (gelatinous body 1), (nimble swimmer 1), (tentacles)
a: End Transformation, Renounce Religion, Channel Magic


You were on level 3 of the Dungeon.
You worshipped Sif Muna.
Sif Muna was aware of your devotion.
You were a venomous arachnid creature.
You visited 1 branch of the dungeon, and saw 3 of its levels.

You collected 128 gold pieces.

Inventory:

Wands
 x - a wand of acid (8)
   (You took it off Ijyb on level 3 of the Dungeon)
Scrolls
 c - 2 scrolls of teleportation {unknown}
 e - a scroll of identify {unknown}
 g - a scroll of magic mapping {unknown}
Potions
 a - a potion of degeneration {unknown}
 b - a potion of curing {@q1}
 d - a potion of might {unknown}
 f - a potion of ambrosia {unknown}


   Skills:
 * Level 3.1 Fighting
 + Level 2.8 Dodging
 + Level 3.6 Unarmed Combat
 + Level 2.6 Spellcasting
 + Level 2.8 Transmutations
 + Level 1.9 Poison Magic


You had 5 spell levels left.
You knew the following spells:

 Your Spells              Type           Power      Damage    Failure   Level
a - Beastly Appendage     Tmut           22%        N/A       17%         1
x - Spider Form           Tmut/Pois      4%         N/A       43%         3

Your spell library contained the following spells:

 Spells                   Type           Power      Damage    Failure   Level
 Sting                    Tmut/Pois      36%        1d4       21%         1
 Wereblood                Tmut           11%        N/A       22%         2
 Foxfire                  Conj/Fire      8%         2x1d4     41%         1
 Poisonous Vapours        Pois/Air       10%        N/A       41%         2
 Sublimation of Blood     Necr           1%         N/A       52%         2
 Conjure Flame            Conj/Fire      2%         6-21      73%         3
 Gell's Gravitas          Tloc           1%         N/A       73%         3
 Inner Flame              Hex/Fire       2%         N/A       73%         3
 Lesser Beckoning         Tloc           1%         N/A       73%         3
 Teleport Other           Tloc           2%         N/A       73%         3
 Olgreb's Toxic Radiance  Pois           8%         N/A       83%         4
 Ice Form                 Ice/Tmut       6%         N/A       87%         4
 Summon Hydra             Summ           1%         N/A       100%        7


Dungeon Overview and Level Annotations

Branches:
Dungeon (3/15)

Altars:
Cheibriados
Sif Muna

Annotations:
D:3 Sigmund


Innate Abilities, Weirdness & Mutations

You are a venomous arachnid creature.
You have poisonous fangs.
You are tiny and dextrous.
Your spellcasting is less reliable in this form.
Your armour is entirely melded.
You are incapable of wielding weapons or throwing items.
You cannot wear most types of armour.
((You are amphibious.))
You can wear up to eight rings at the same time.
((Your skin changes colour to match your surroundings (Stealth+).))
((Your rubbery body absorbs attacks. (AC +1, EV +1)))
((You are camouflaged near water. (Stealth+)))
((You have tentacles for arms and can constrict up to eight enemies at once.))


Message History

You tentacle-slap the ufetubus. You squeeze the ufetubus.
You kill the ufetubus!
Sif Muna accepts your kill.
Things that are here:
a +0 whip; a kobold corpse
Things that are here:
a +0 falchion; a +0 robe You see here a +0 dagger.
Found 6 gold pieces.
You see here a +0 trident.
Found a book of Flames.
There is a fountain of clear blue water here.
You pick up a book of Flames and begin reading...
You add the spells Foxfire, Conjure Flame and Inner Flame to your library.
There is a fountain of clear blue water here.
You now have 128 gold pieces (gained 6).
There is a fountain of clear blue water here.
You see here a +0 trident.
Things that are here:
a +0 whip; a kobold skeleton
There is an open door here.
You see here a +0 ring mail.
You see here a staff of fire.
Sigmund is nearby!
Unknown command.
The spell is quite dangerous to cast (22% risk of failure)!
Continue anyway?
You miscast Spider Form.
You are very lightly contaminated with residual magic.
Nothing appears to happen.
Sigmund shouts!
The spell is quite dangerous to cast (22% risk of failure)!
Continue anyway?
You turn into a venomous arachnid creature.
Sigmund hits you with a +0 scythe!
You hit Sigmund.
Sigmund is poisoned.
Sigmund hits you with a +0 scythe!
* * * LOW HITPOINT WARNING * * *
You hit Sigmund.
Sigmund looks as sick as possible!
Sigmund misses you.
You hit Sigmund. Sigmund hits you with a +0 scythe!
* * * LOW HITPOINT WARNING * * *
Unknown command.
Okay, then.
You hit Sigmund.
Sigmund looks as sick as possible!
Sigmund breathes a few words.
Sigmund's hands start flickering wildly.
Sigmund drinks a potion.
Sigmund is healed!
Sigmund looks more healthy.
You hit Sigmund. Sigmund completely misses you.
Your magical contamination has completely faded away.
You bite Sigmund! Sigmund gestures at you while chanting.
The magic dart hits you!
You die...

# #.###.###.# #.# #
#########.###.|##.# #.# ####
............##.##.# #.# #...
#########.#.##..#.#
#.####... # #...###.#.#
#........ #
#######.#.#############'#
#### #..................##.#
...#
######.####...........#.##.#
...#
#.......[.[s.########.#.##.#
...# #.####.##)#@.#
#......... ...# #.#
#.##.#.>#### #.#.#..... ...#
#.# #.##.#.....# #.#.####.#
#### #.# #.##.#.###.# #.#.#
#)# .# #.# #.##.#.# #.#
#.#.# #.# ## #.# #.##.#.#
#.###.#.# #.# #.# #.##.#.#
#.....#.# #.# #.#
#.#.#########.# #.#


You could see Sigmund.

Vanquished Creatures
  A wight (D:3)
  Ijyb (D:3)
  An orc wizard (D:3)
  A gnoll (D:1)
  4 adders
  An ufetubus (D:3)
  6 orcs (D:3)
  7 ball pythons
  4 bats
  4 endoplasms
  A giant cockroach (D:1)
  6 goblins
  2 hobgoblins (D:2)
  6 jackals (D:2)
  2 quokkas
  3 frilled lizards
  9 kobolds
  2 rats (D:1)
61 creatures vanquished.

Vanquished Creatures (others)
  11 plants (D:2)
11 creatures vanquished.

Grand Total: 72 creatures vanquished

Notes
Turn   | Place    | Note
-------+----------+-------------------------------------------
     0 | D:1      | Brandom the Octopode Transmuter began the quest for the
                  | Orb.
     0 | D:1      | Reached XP level 1. HP: 13/13 MP: 3/3
   311 | D:1      | Reached XP level 2. HP: 18/18 MP: 5/5
   971 | D:1      | Reached XP level 3. HP: 24/24 MP: 6/6
   975 | D:1      | Learned a level 3 spell: Spider Form
  1529 | D:2      | Found a snail-covered altar of Cheibriados.
  2128 | D:2      | Found a faded altar of an unknown god.
  2136 | D:2      | Became a worshipper of Sif Muna the Loreminder
  2136 | D:2      | Reached * piety under Sif Muna
  2189 | D:2      | Reached XP level 4. HP: 24/29 MP: 5/7
  2413 | D:3      | Reached skill level 1 in Poison Magic
  2850 | D:3      | Noticed Sigmund
  3115 | D:3      | Reached XP level 5. HP: 20/35 MP: 6/8
  3436 | D:3      | Noticed Ijyb
  3833 | D:3      | Killed Ijyb
  4748 | D:3      | Killed from afar by Sigmund

Illustrated notes

Levels and vault maps discovered:
D:1:      erik_arrival_cave_to_civilisation [erik_arrival_cave_to_hall],
          layout_basic, amcnicky_mini_corridor_feature, hex_medium
D:2:      layout_rooms, basic_altar, shapermc_ecumenical_altar_starsandcircs,
          serial_bayou_lake_a
D:3:      layout_basic, kennysheep_generic_room_16, uniq_ijyb, uniq_sigmund

Skill      XL: |  1  2  3  4  5 |
---------------+----------------+-----
Fighting       | 2 3 |  3.1
Poison Magic   | 1 |  1.9
Dodging        | |  2.8
Unarmed Combat | |  3.6
Spellcasting   | |  2.6
Transmutations | |  2.8

Action                   |  1- 3 |  4- 6 || total
-------------------------+-------+-------++-------
Melee: Unarmed           |    94 |    83 ||   177
       Constrict         |    22 |    14 ||    36
       Tentacles         |     8 |     7 ||    15
       Kick              |    10 |     6 ||    16
       Punch             |     2 |     1 ||     3
 Cast: Beastly Appendage |     7 |     5 ||    12
       Spider Form       |       |     3 ||     3
  Use: Potion            |       |     1 ||     1
 Stab: Sleeping          |     4 |     2 ||     6
Armor: Skin              |     9 |     2 ||    11
Dodge: Dodged            |    63 |    66 ||   129

Table legend: (Time is in decaauts)
 A = Elapsed time spent in this place.
 B = Non-inter-level travel time spent in this place.
 C = Inter-level travel time spent in this place.
 D = Time resting spent in this place.
 E = Time spent auto-exploring this place.
 F = Levels seen in this place.
 G = Mean time per level.
                   A        B        C        D        E       F      G
               +--------+--------+--------+--------+--------+-----+--------+
         Total |   4737 |   4697 |     40 |    817 |   3307 |   3 | 1579.0 |
       Dungeon |   4737 |   4697 |     40 |    817 |   3307 |   3 | 1579.0 |
               +--------+--------+--------+--------+--------+-----+--------+

Top non-repeatable levels by time:
     D:3: 1974 daAuts
     D:1: 1459 daAuts
     D:2: 1303 daAuts
